 Dungeon Crawl Stone Soup version 0.19.1 (webtiles) character file.

767 M4edhros the Insei (level 7, -10/48 HPs)
             Began as an Octopode Chaos Knight on Dec 25, 2016.
             Mangled by a demonic crawler (13 damage)
             ... on level 3 of the Dungeon.
             The game lasted 00:16:53 (21628 turns).

M4edhros the Insei (Octopode Chaos Knight)         Turns: 21628, Time: 00:16:53

Health: -10/48     AC:  3    Str: 11 (13) XL:     7   Next: 82%
Magic:  6/6        EV: 14    Int: 16 (19) God:    Xom [......]
Gold:   242        SH:  0    Dex:  9 (13) Spells: 0 memorised, 6 levels left

rFire  + . .     SeeInvis .       - Unarmed
rCold  x . .     Gourm    .     (no shield)
rNeg   + . .     Faith    .     (helmet restricted)
rPois  +         Spirit   .     l - amulet of regeneration (curse)
rElec  .         Reflect  .     w - ring of fire
rCorr  .         Harm     .     x - ring of Namaroq {+Blink rPois rN+ Str-4 Dex+2}
MR     .....     Rnd*Rage +     (no ring)
Stlth  ++++......               (no ring)
                                (no ring)
                                (no ring)
                                (no ring)
                                (no ring)

@: mighty, brilliant, flying, very slightly contaminated, hasted, invisible,
very quick
A: almost no armour, stealthy swim, amphibious, 8 rings, constrict 8, icy blue
scales 1, camouflage 1, berserk 1, blurry vision 3, clumsy 1, low mp 1,
gelatinous body 1
a: Renounce Religion, Evoke Blink


You were on level 3 of the Dungeon.
You worshipped Xom.
You were a very special plaything of Xom.
You were near starving.

You visited 1 branch of the dungeon, and saw 5 of its levels.

You collected 242 gold pieces.

Inventory:

Hand Weapons
 b - a +2 hunting sling of flaming
 y - the +8 hunting sling of Umo Okoaguge {flame, rElec rF+}
   (You found it on level 4 of the Dungeon)

   It causes projectiles fired from it to burn those they strike, causing extra
   injury to most foes and up to half again as much damage against particularly
   susceptible opponents.
   It protects you from fire.
   It insulates you from electricity.
Missiles
 E - 21 stones (quivered)
Armour
 v - a +0 chain mail
 A - the +0 buckler "Cibbetel" {Dex+8, unknown}
   (Xom gifted it to you on level 4 of the Dungeon)

   It affects your dexterity (+8).
Jewellery
 l - a cursed amulet of regeneration (around mantle)
 w - a ring of fire (left tentacle)
 x - the ring of Namaroq (right tentacle) {+Blink rPois rN+ Str-4 Dex+2}
   (Xom gifted it to you on level 4 of the Dungeon)

   [ring of poison resistance]

   It affects your strength (-4).
   It affects your dexterity (+2).
   It protects you from poison.
   It protects you from negative energy.
   It lets you blink.
Wands
 h - a wand of hasting (0/9)
 B - a wand of acid (0/15)
Scrolls
 d - a scroll of noise
 e - a scroll of fear
 f - a scroll of amnesia {unknown}
 j - 4 scrolls of teleportation {unknown}
 k - 5 scrolls of identify
 m - 2 scrolls of remove curse {unknown}
 p - 2 scrolls of fog {unknown}
 r - a scroll of blinking {unknown}
 C - 2 scrolls of random uselessness {unknown}
Potions
 g - 2 potions of might
 i - 2 potions of brilliance
 q - a potion of degeneration
 z - 2 potions of haste
Comestibles
 a - 7 bread rations
 D - a meat ration


   Skills:
 + Level 4.2 Fighting
 * Level 0.0 Slings
 + Level 4.3 Dodging
 - Level 5.1 Stealth
 + Level 6.5 Unarmed Combat


You had 6 spell levels left.
You didn't know any spells.

Dungeon Overview and Level Annotations

Branches:
Dungeon (5/15)
 Temple: D:4-7

Altars:
Xom


Innate Abilities, Weirdness & Mutations

You cannot wear most types of armour.
You are very stealthy in the water. (Stealth+)
You are amphibious.
You can wear up to eight rings at the same time.
You can use your tentacles to constrict eight enemies at once.
Your skin changes colour to match your surroundings (Stealth+).
Your rubbery body absorbs attacks. (AC +1, EV +1)
You are partially covered in icy blue scales. (AC +2)
You tend to lose your temper in combat.
Scrolls take you much longer to read.
You are clumsy. (Dex -2)
Your magical capacity is low. (-10% MP)


Message History

Evoke which item? (* to show all) (? for menu, Esc to quit)
Okay, then.
Okay, then.
Okay, then.
You don't know any spells.
You tentacle-slap the demonic crawler.
Your tentacle-slap misses the demonic crawler.
The demonic crawler is almost dead.
Your attacks no longer feel as feeble.
The demonic crawler hits you but does no damage.
The demonic crawler hits you.
* * * LOW HITPOINT WARNING * * *
The demonic crawler hits you.
* * * LOW HITPOINT WARNING * * *
You tentacle-slap the demonic crawler.
The demonic crawler is almost dead.
The demonic crawler hits you but does no damage.
The demonic crawler hits you!
You die...
Xom giggles madly!

#.....## ##.## ##..# ...>...##
##§.# ##.#.# #
........####§§§###########....###
........'..§§§c§4)§5............[
........####§§§##########...)....
.......## ##§§# #.#.#.###
#.....## ##§### #.....# # ##...##
#.s.# #..#### # ##'## ###@# #..#
# #.# #.# #..###### #.# #.#
#........ ##.############.#
##.#..... ##...............#
##.#..... #.....############
##.#...... ##...)# ##.###.....
###.#.# #.## ##.... #####.#
##.###.....


You could see a demonic crawler.

Vanquished Creatures
  The ghost of M4edhros the Insei, an amateur OpCK of Xom (D:4)
  A water moccasin (D:2)
  A hell hound (D:4)
  5 hounds
  A jelly (D:5)
  2 orc wizards (D:4)
  A worker ant (D:5)
  A hound skeleton (D:4)
  9 adders
  A shadow imp (D:5)
  2 oozes
  5 worms
  5 dart slugs
  5 leopard geckos
  15 orcs
  3 giant cockroaches
  14 goblins
  11 hobgoblins
  15 jackals
  15 kobolds
  4 quokkas
  A ball python (D:1)
  7 bats
  6 frilled lizards
  A quokka skeleton (D:4)
  47 rats
179 creatures vanquished.

Vanquished Creatures (others)
  A jackal skeleton (D:4)
1 creature vanquished.

Grand Total: 180 creatures vanquished

Notes
Turn   | Place    | Note
-------+----------+-------------------------------------------
     0 | D:1      | M4edhros the Octopode Chaos Knight began the quest for the Orb.
     0 | D:1      | Reached XP level 1. HP: 16/16 MP: 1/1
   217 | D:1      | XOM: harmless Summ miscast
   282 | D:1      | XOM: 1-stop teleportation journey
   508 | D:1      | XOM: silly message
  1501 | D:1      | Reached XP level 2. HP: 20/21 MP: 2/2
  1507 | D:1      | XOM: fog
  1649 | D:1      | XOM: 2-stop teleportation journey
  2294 | D:1      | Reached XP level 3. HP: 26/26 MP: 3/3
  2317 | D:1      | XOM: god gift: twisted iron wand {god gift}
  2531 | D:1      | XOM is BORED!
  2732 | D:1      | XOM: noise
  2805 | D:1      | Reached skill level 1 in Stealth
  3168 | D:1      | XOM: harmless Erth miscast
  3620 | D:1      | XOM: medium Hex miscast
  3626 | D:1      | XOM: divination: detect items
  3738 | D:1      | XOM: mild Necr miscast
  3869 | D:2      | XOM: 3-stop teleportation journey
  3924 | D:2      | Reached XP level 4. HP: 27/32 MP: 4/4
  4635 | D:2      | XOM: summons 2 hostile demons
  4861 | D:2      | XOM: harmless Divn miscast
  5244 | D:2      | XOM is BORED!
  5244 | D:2      | XOM: give mutations
  5244 | D:2      | Gained mutation: Your body sometimes deteriorates upon taking damage. [Xom's mischief]
  5244 | D:2      | Gained mutation: You are weak. (Str -2) [Xom's mischief]
  5244 | D:2      | Lost mutation: You are weak. (Str -2) [Xom's mischief]
  5244 | D:2      | Gained mutation: Scrolls take you a little longer to read. [Xom's mischief]
  5540 | D:2      | XOM: god gift: 52 gold pieces
  5567 | D:2      | XOM: cloud trail
  6202 | D:2      | Reached skill level 4 in Unarmed Combat
  6373 | D:2      | XOM: scenery: create altars
  6665 | D:2      | XOM: scenery: create altars
  6907 | D:2      | XOM: noise
  7055 | D:2      | XOM: harmless Fire miscast
  7661 | D:2      | Reached XP level 5. HP: 36/36 MP: 5/5
  7956 | D:2      | XOM: noise
  7967 | D:2      | XOM is BORED!
  8012 | D:2      | Noticed a water moccasin
  8026 | D:2      | XOM: 1-stop teleportation journey
  8049 | D:2      | XOM: silly message
  8059 | D:2      | XOM: cleaving
  8293 | D:2      | XOM: enchant monster (good)
  8319 | D:2      | Killed a water moccasin
  8319 | D:2      | Reached skill level 5 in Unarmed Combat
  8319 | D:2      | Reached XP level 6. HP: 34/43 MP: 6/6
  8441 | D:2      | XOM: give mutations
  8441 | D:2      | Gained mutation: Your body often deteriorates upon taking damage. [Xom's mischief]
  8441 | D:2      | Gained mutation: You are dopey. (Int -2) [Xom's mischief]
  8569 | D:2      | XOM: give mutations
  8569 | D:2      | Gained mutation: One of your tentacles bears a spike. [Xom's grace]
  8569 | D:2      | Gained mutation: You are partially covered in iridescent scales. (AC +2) [Xom's grace]
 10267 | D:3      | XOM: noise
 10733 | D:3      | XOM: give mutations
 10733 | D:3      | Gained mutation: Scrolls take you longer to read. [Xom's mischief]
 10733 | D:3      | Gained mutation: Scrolls take you much longer to read. [Xom's mischief]
 10969 | D:3      | XOM: silly message
 11319 | D:3      | XOM: divination: magic mapping
 11501 | D:3      | XOM is BORED!
 11501 | D:3      | XOM: noise
 11778 | D:3      | XOM: give mutations
 11778 | D:3      | Gained mutation: You are robust. (+10% HP) [Xom's grace]
 11778 | D:3      | Gained mutation: You possess an exceptional clarity of mind. [Xom's grace]
 12268 | D:3      | XOM: 1-stop teleportation journey
 12826 | D:3      | XOM: 7-stop teleportation journey
 12955 | D:3      | XOM is BORED!
 12955 | D:3      | XOM: mild Ice miscast
 13859 | D:3      | XOM: harmless Erth miscast
 14148 | D:3      | XOM: god gift: chain mail {god gift}
 14782 | D:3      | XOM: summons 3 hostile shadow creatures
 14783 | D:3      | Noticed a storm dragon simulacrum
 15459 | D:3      | XOM: god gift: glowing iron ring {god gift}
 15493 | D:3      | XOM: harmless Summ miscast
 15893 | D:3      | XOM: give mutations
 15893 | D:3      | Lost mutation: Scrolls take you much longer to read. [Xom's mischief]
 15893 | D:3      | Lost mutation: You are robust. (+10% HP) [Xom's mischief]
 15893 | D:3      | Gained mutation: You are clumsy. (Dex -2) [Xom's mischief]
 15893 | D:3      | Lost mutation: Your body often deteriorates upon taking damage. [Xom's mischief]
 16196 | D:3      | XOM: harmless Divn miscast
 16391 | D:4      | Reached XP level 7. HP: 24/47 MP: 7/7
 16781 | D:4      | XOM: cloud trail
 17046 | D:4      | Noticed M4edhros's ghost (amateur OpCK)
 17069 | D:4      | XOM: 1-stop teleportation journey
 17735 | D:4      | XOM: divination: detect items
 18210 | D:4      | XOM: mild Divn miscast
 18214 | D:4      | Got a scorched hunting sling
 18217 | D:4      | Identified the +8 hunting sling of Umo Okoaguge {flame, rElec rF+} (You found it on level 4 of the Dungeon)
 18220 | D:4      | XOM: confuse monster(s)
 18221 | D:4      | XOM: harmless Divn miscast
 18231 | D:4      | XOM: noise
 18259 | D:4      | XOM: scenery: create altars
 18280 | D:4      | XOM: summons friendly ufetubus
 18294 | D:4      | XOM: divination: detect items
 18299 | D:4      | XOM: mild Chrm miscast
 18300 | D:4      | XOM: cast spell 'Confusing Touch'
 18308 | D:4      | XOM: snakes to sticks
 18311 | D:4      | XOM: cast spell 'Call Canine Familiar'
 18385 | D:4      | XOM: enchant monster (good)
 18461 | D:4      | XOM: god gift: clouded iron ring {god gift}
 18462 | D:4      | Got a clouded iron ring {god gift}
 18469 | D:4      | XOM: scenery: create altars
 18496 | D:4      | XOM: give mutations
 18496 | D:4      | Lost mutation: You are clumsy. (Dex -2) [Xom's mischief]
 18496 | D:4      | Gained mutation: Scrolls take you much longer to read. [Xom's mischief]
 18496 | D:4      | Gained mutation: You are frail. (-10% HP) [Xom's mischief]
 18496 | D:4      | Lost mutation: Scrolls take you much longer to read. [Xom's mischief]
 18499 | D:4      | XOM: summons 7 friendly demons
 18624 | D:4      | XOM: severe Hex miscast
 18673 | D:4      | XOM: 4-stop teleportation journey
 18688 | D:4      | Reached skill level 6 in Unarmed Combat
 18719 | D:4      | XOM: severe Tloc miscast
 18784 | D:4      | XOM: summons friendly shadow imp
 18802 | D:4      | XOM: cleaving
 18811 | D:4      | XOM: confuse monster(s)
 18838 | D:4      | XOM: summons friendly iron imp
 18841 | D:4      | XOM: potion effect (berserk rage)
 18869 | D:4      | XOM: cleaving
 18914 | D:4      | XOM: summons 3 hostile demons
 18925 | D:4      | XOM: fog
 18932 | D:4      | XOM: summons friendly quasit
 19000 | D:4      | XOM: enchant monster (good)
 19025 | D:4      | XOM: fog
 19035 | D:4      | XOM: god gift: faintly humming buckler {god gift}
 19036 | D:4      | Got a faintly humming buckler {god gift}
 19040 | D:4      | Identified the ring of Namaroq {+Blink rPois rN+ Str-4 Dex+2} (Xom gifted it to you on level 4 of the Dungeon)
 19080 | D:4      | XOM: scenery: create altars
 19121 | D:4      | XOM: divination: magic mapping
 19136 | D:4      | XOM: divine lightning (protected)
 19147 | D:4      | XOM: cast spell 'Alistair's Intoxication'
 19153 | D:4      | XOM: polymorph ogre -> hell hound
 19159 | D:4      | XOM: destruction
 19163 | D:4      | XOM: divination: detect creatures
 19171 | D:4      | Killed M4edhros's ghost
 19412 | D:4      | XOM: god gift: crooked bone wand {god gift}
 19475 | D:4      | XOM: god gift: 2 scrolls labeled ODIMAI RIPLU {god gift}
 19856 | D:4      | XOM: give mutations
 19856 | D:4      | Gained mutation: Scrolls take you much longer to read. [Xom's mischief]
 19856 | D:4      | Lost mutation: One of your tentacles bears a spike. [Xom's mischief]
 19938 | D:4      | XOM: mild Divn miscast
 19962 | D:4      | XOM: mild Summ miscast
 20276 | D:4      | XOM: mild Ice miscast
 20380 | D:4      | XOM: mild Summ miscast
 20469 | D:4      | XOM: stat loss: -1 Dex (13/15)
 20573 | D:5      | Entered Level 5 of the Dungeon
 20819 | D:5      | Reached skill level 5 in Stealth
 21593 | D:3      | Noticed an efreet
 21598 | D:3      | XOM: summons 3 hostile demons
 21599 | D:3      | Noticed an orange demon
 21606 | D:3      | HP: 2/43 [efreet/fireball (16)]
 21608 | D:3      | Lost mutation: You are dopey. (Int -2) [potion of cure mutation]
 21608 | D:3      | Lost mutation: You are partially covered in iridescent scales. (AC +2) [potion of cure mutation]
 21608 | D:3      | Lost mutation: Scrolls take you much longer to read. [potion of cure mutation]
 21608 | D:3      | Lost mutation: Your body sometimes deteriorates upon taking damage. [potion of cure mutation]
 21608 | D:3      | Lost mutation: You are frail. (-10% HP) [potion of cure mutation]
 21608 | D:3      | Lost mutation: You possess an exceptional clarity of mind. [potion of cure mutation]
 21612 | D:3      | Gained mutation: You are clumsy. (Dex -2) [potion of mutation]
 21612 | D:3      | Gained mutation: Scrolls take you much longer to read. [potion of mutation]
 21613 | D:3      | Gained mutation: Your magical capacity is low. (-10% MP) [potion of mutation]
 21613 | D:3      | Gained mutation: You are partially covered in icy blue scales. (AC +2) [potion of mutation]
 21613 | D:3      | Gained mutation: You tend to lose your temper in combat. [potion of mutation]
 21614 | D:3      | Noticed a demonic crawler
 21614 | D:3      | an efreet changed into a demonic crawler
 21614 | D:3      | XOM: polymorph efreet -> demonic crawler
 21617 | D:3      | XOM: mild Conj miscast
 21627 | D:3      | HP: 2/48 [demonic crawler (3)]
 21628 | D:3      | Mangled by a demonic crawler

Skill      XL: |  1  2  3  4  5  6  7 |
---------------+----------------------+-----
Stealth        | 1 2 3 4 5 |  5.1
Dodging        | 3 4 |  4.3
Unarmed Combat | 4 5 6 |  6.5
Fighting       | 4 |  4.2

Action                   |  1- 3 |  4- 6 |  7- 9 || total
-------------------------+-------+-------+-------++-------
Melee: Unarmed           |    85 |   288 |    82 ||   455
       Constrict         |    23 |    69 |    15 ||   107
       Tentacles         |    13 |    41 |     8 ||    62
       Punch             |       |     7 |     5 ||    12
       Kick              |       |    42 |    10 ||    52
 Abil: Evoke Blink       |       |       |     2 ||     2
Evoke: Wand              |       |       |     4 ||     4
  Use: Scroll            |       |     2 |     1 ||     3
       Potion            |       |       |    13 ||    13
 Stab: Sleeping          |     4 |    15 |     5 ||    24
       Distracted        |       |     4 |       ||     4
  Eat: Chunk             |     7 |    38 |    10 ||    55
       Fruit             |       |     1 |       ||     1
       Bread ration      |       |       |     1 ||     1
       Pizza             |       |       |     1 ||     1
Armor: Skin              |     3 |    21 |    18 ||    42
Dodge: Dodged            |    47 |   172 |    97 ||   316
